 Dungeon Crawl Stone Soup version 0.19.5 (webtiles) character file.

109 StupidDan the Ducker (level 4, -1/44 HPs)
             Began as a Troll Fighter on May 2, 2017.
             Slain by toffzen's ghost (10 damage)
             ... on level 3 of the Dungeon.
             The game lasted 00:35:20 (2643 turns).

StupidDan the Ducker (Troll Fighter)                Turns: 2643, Time: 00:35:21

Health: -1/44      AC:  5    Str: 24    XL:     4   Next: 59%
Magic:  12/12      EV:  8    Int:  4    God:
Gold:   135        SH:  9    Dex: 10    Spells: 0 memorised, 3 levels left

rFire  . . .     SeeInvis .     y - -2 mace (curse)
rCold  . . .     Gourm    +     a - +0 robe
rNeg   . . .     Faith    .     b - +0 shield
rPois  .         Spirit   .     (helmet restricted)
rElec  .         Reflect  .     (no cloak)
rCorr  .         Harm     .     (gloves unavailable)
MR     .....                    (boots unavailable)
Stlth  +.........               g - amulet of regeneration
                                (no ring)
                                k - ring of magical power

@: no status effects
A: unfitting armour, claws 3, fast metabolism 3, gourmand, regeneration 1,
shaggy fur 1, tough skin 2
a: no special abilities


You were on level 3 of the Dungeon.
You were very hungry.

You visited 1 branch of the dungeon, and saw 3 of its levels.

You collected 135 gold pieces.

Inventory:

Hand Weapons
 n - a +0 mace
 o - a +0 short sword
 p - a +0 dagger
 y - a cursed -2 mace (weapon)
Missiles
 h - 35 arrows
 j - 36 stones (quivered)
 l - 55 bolts
Armour
 a - a +0 robe (worn)
 b - a +0 shield (worn)
Jewellery
 f - an uncursed amulet of guardian spirit
 g - an amulet of regeneration (around neck)
 k - a ring of magical power (left claw)
 r - an uncursed amulet of faith
 t - an uncursed amulet of guardian spirit
Wands
 s - a wand of iceblast (8/15)
Scrolls
 q - 2 scrolls of amnesia
 x - a scroll of immolation {unknown}
Potions
 c - a potion of might
 e - a potion of haste {unknown}
 i - a potion of flight {unknown}
 m - a potion of degeneration {unknown}
 u - a potion of cure mutation {unknown}
 v - a potion of brilliance {unknown}
Comestibles
 d - 7 chunks of flesh
 w - a bread ration


   Skills:
 + Level 2.8 Fighting
 + Level 0.8 Short Blades
 + Level 0.1 Maces & Flails
 + Level 1.1 Throwing
 + Level 3.0 Dodging
 + Level 3.0 Shields
 + Level 2.2 Unarmed Combat


You had 3 spell levels left.
You didn't know any spells.

Dungeon Overview and Level Annotations

Branches:
Dungeon (3/15)

Altars:

Annotations:
D:3 toffzen's ghost, amateur DrFE


Innate Abilities, Weirdness & Mutations

You are too large for most types of armour.
You have claws for hands.
Your metabolism is lightning-fast.
You like to eat raw meat.
Your natural rate of healing is unusually fast.
You are covered in fur. (AC +1)
You have very tough skin. (AC +2)


Message History

Toffzen's ghost casts a spell at you. You block the flame tongue.
You hit toffzen's ghost but do no damage.
Toffzen's ghost hits you! You block toffzen's ghost's attack.
You closely miss toffzen's ghost. You block toffzen's ghost's attack.
You miss toffzen's ghost.
Toffzen's ghost hits you but does no damage.
Toffzen's ghost casts a spell at you. The flame tongue hits you!
You miss toffzen's ghost. Toffzen's ghost hits you.
You barely miss toffzen's ghost.
Toffzen's ghost points at you and mumbles some strange words.
The flame tongue hits you!
* * * LOW HITPOINT WARNING * * *
Toffzen's ghost casts a spell at you. You block the flame tongue.
You hit toffzen's ghost.
Toffzen's ghost is lightly damaged.
Toffzen's ghost hits you!
You die...

#. ... #.. #.....
.) #..... . ##.#
#.(.( .. #..# ##..#
##.##
##.###....##.....
#####..##..##..>..#
#......@W.###.....#
#<.)............#
#..........##...#
#.........#######
#.........#
#...)....##
#........#
#........#
#........#


You could see toffzen's ghost.

Vanquished Creatures
  4 adders (D:2)
  An ooze (D:1)
  2 worms
  4 dart slugs
  A leopard gecko (D:1)
  An orc (D:3)
  4 bats
  2 giant cockroaches (D:1)
  4 goblins
  8 hobgoblins
  2 jackals (D:2)
  A quokka (D:2)
  A ball python (D:2)
  5 frilled lizards
  11 kobolds
  3 rats
54 creatures vanquished.

Notes
Turn   | Place    | Note
-------+----------+-------------------------------------------
     0 | D:1      | StupidDan the Troll Fighter began the quest for the Orb.
     0 | D:1      | Reached XP level 1. HP: 22/22 MP: 0/0
   115 | D:1      | Reached XP level 2. HP: 29/29 MP: 1/1
   463 | D:1      | Reached XP level 3. HP: 33/36 MP: 2/2
  1462 | D:2      | Reached XP level 4. HP: 44/44 MP: 3/3
  1477 | D:2      | Reached skill level 1 in Throwing
  2625 | D:3      | Noticed toffzen's ghost (amateur DrFE)
  2643 | D:3      | Slain by toffzen's ghost

Skill      XL: |  1  2  3  4 |
---------------+-------------+-----
Throwing       | 1 |  1.1
Shields        | 3 |  3.0
Dodging        | 3 |  3.0
Fighting       | |  2.8
Short Blades   | |  0.8
Maces & Flails | |  0.1
Unarmed Combat | |  2.2

Action                   |  1- 3 |  4- 6 || total
-------------------------+-------+-------++-------
Melee: Unarmed           |    31 |       ||    31
       Short sword       |    37 |       ||    37
       Mace              |    31 |    75 ||   106
Throw: Stone             |    69 |    27 ||    96
  Use: Scroll            |       |     3 ||     3
  Eat: Chunk             |     7 |     5 ||    12
       Bread ration      |     1 |     1 ||     2
Armor: Robe              |    26 |    40 ||    66
       Skin              |    14 |       ||    14
Dodge: Dodged            |    49 |    33 ||    82
Block: Shield            |    53 |    64 ||   117
